 Dungeon Crawl Stone Soup version 0.31-a0-192-ga50d7bf3bb (webtiles) character file.

Game seed: 14081862483982927573

34 qw the Shooter (level 3, -7/20 HPs)
             Began as a Deep Elf Hunter on June 23, 2023.
             Mangled by a gnoll
             ... wielding a +0 halberd
              (11 damage)
             ... on level 2 of the Dungeon.
             The game lasted 00:00:26 (1101 turns).

qw the Shooter (Deep Elf Hunter)                    Turns: 1101, Time: 00:00:26

Health: -7/20      AC:  3    Str: 10    XL:     3   Next: 14%
Magic:  5/5        EV: 12    Int: 13    God:
Gold:   61         SH:  0    Dex: 18    Spells: 2/2 levels left

rFire   . . .        Y - +0 shortbow
rCold   . . .        (shield currently unavailable)
rNeg    . . .        c - +0 leather armour
rPois   .            (no helmet)
rElec   .            (no cloak)
rCorr   .            (no gloves)
SInv    .            (no boots)
Will    .....        (no amulet)
Stlth   ++           (no ring)
HPRegen 0.23/turn    (no ring)
MPRegen 0.09/turn

%: no passive effects
@: about to teleport
A: no striking features
a: no special abilities


You were on level 2 of the Dungeon.
You visited 1 branch of the dungeon, and saw 2 of its levels.

You collected 97 gold pieces.
You spent 36 gold pieces at shops.


   Skills:
 - Level 1.5 Fighting
 + Level 6.7 Ranged Weapons
 - Level 2.4 Dodging
 - Level 1.2 Stealth


You had 2 spell levels left.
You didn't know any spells.
Your spell library was empty.

Inventory:

Hand Weapons
 Y - a +0 shortbow (weapon)
Armour
 c - a +0 leather armour (worn)
Jewellery
 j - a ring of positive energy
Scrolls
 g - a scroll of identify {unknown}
 i - a scroll of noise {unknown}
Potions
 a - 3 potions of enlightenment {unknown}
 b - a potion of mutation {unknown}
 e - a potion of lignification {unknown}
 f - a potion of brilliance {unknown}
 h - a potion of curing

Dungeon Overview and Level Annotations

Branches:
Dungeon (2/15)

Altars:

Shops:
D:1 !

Annotations:
D:2 1 runed translucent door, Crazy Yiuf


Message History

The hobgoblin shoots a sling bullet.
The sling bullet closely misses you.
You shoot an arrow. The arrow hits the hobgoblin!
You kill the hobgoblin!
You start resting.
HP restored.
You now have 61 gold pieces (gained 12).
Items here: %% ( )).
A gnoll comes into view. It is wielding a +0 halberd.
Found a scroll of teleportation.
Enter note:
Enter note:
Enter note:
Enter note:
Enter note:
Enter note:
Enter note:
Enter note:
Enter note: The gnoll shouts!
A kobold comes into view. It is wielding a +0 whip.
A dart slug comes into view.
1091 ||| Stepping ~*~*~tactically~*~*~ (outnumbered).
1093 ||| Stepping ~*~*~tactically~*~*~ (outnumbered).
You shoot an arrow. The arrow barely misses the gnoll.
The gnoll closely misses you.
You shoot an arrow. The arrow closely misses the gnoll.
The gnoll barely misses you. The gnoll closely misses you.
You shoot an arrow. The arrow hits the gnoll!
The gnoll is heavily wounded.
The gnoll hits you with a +0 halberd.
You shoot an arrow. The arrow hits the gnoll.
The gnoll is severely wounded.
The gnoll hits you with a +0 halberd!
Ouch! That really hurt!
1101 ||| READING scroll of teleportation.
As you read the scroll of teleportation, it crumbles to dust.
You feel strangely unstable. The gnoll hits you with a +0 halberd!
Ouch! That really hurt!
You die...

..............
?................. #..
.#........... .# #..
....##.....# ..8 #..
..### #####.# #... #.#
#.# #.. .8...##.# #.####
###
##..8.wg.####....########
#. #@..##............
##.#####.#.##............
.........#.##............
........##..............#
...........#####)..#..#..
......#..#####...........
........<...........###.#
...............#.........
###..#.......#......##...


You could see a gnoll and a dart slug.

Vanquished Creatures
  A dart slug (D:1)
  4 ball pythons
  3 bats
  3 endoplasms (D:2)
  2 hobgoblins
  3 jackals (D:2)
  A quokka (D:1)
  4 frilled lizards (D:1)
  3 goblins (D:1)
  8 rats
32 creatures vanquished.

Notes
Turn   | Place    | Note
-------+----------+-------------------------------------------
     0 | D:1      | qw the Deep Elf Hunter began the quest for the Orb.
     0 | D:1      | Reached XP level 1. HP: 12/12 MP: 3/3
     0 | D:1      | 0 ||| qw: Version: 0.3-a-9-g12657ce
     0 | D:1      | 0 ||| qw: Game counter: 4590
     0 | D:1      | 0 ||| qw: Always use a shield: true
     0 | D:1      | 0 ||| qw: God list: Okawaru
     0 | D:1      | 0 ||| qw: Allow faded altars: false
     0 | D:1      | 0 ||| qw: Do Orc after D:15 true
     0 | D:1      | 0 ||| qw: Do second Lair branch before Depths: true
     0 | D:1      | 0 ||| qw: Lair rune preference: random
     0 | D:1      | 0 ||| qw: Plans: Normal
     0 | D:1      | 0 ||| PLANNING D:1-11
   210 | D:1      | Reached XP level 2. HP: 16/16 MP: 4/4
   222 | D:1      | Reached skill level 6 in Ranged Weapons
   468 | D:1      | 468 ||| FLEEEEING.
   475 | D:1      | 475 ||| FLEEEEING.
   476 | D:1      | 476 ||| FLEEEEING.
   477 | D:1      | 477 ||| FLEEEEING.
   478 | D:1      | 478 ||| FLEEEEING.
   527 | D:1      | Found Zeageipa's Distillery.
   530 | D:1      | 530 ||| BUYING potion of curing (36 gold).
   530 | D:1      | Bought a potion of curing for 36 gold pieces
   530 | D:1      | 530 ||| SHOPLISTING potion of curing (36 gold, have 19).
   530 | D:1      | 530 ||| SHOPLISTING potion of might (48 gold, have 19).
   744 | D:1      | 744 ||| READING scroll labelled RIOTZU RIGHEO.
   748 | D:1      | 748 ||| READING 2 scrolls labelled OBLOFUERAPS.
   749 | D:1      | 749 ||| READING scroll labelled ALUL PEYFFUMAX.
   750 | D:1      | 750 ||| DROPPING scroll of butterflies.
   751 | D:1      | 751 ||| DROPPING scroll of blinking.
   900 | D:2      | Found a runed translucent door.
   901 | D:2      | Noticed Crazy Yiuf
   956 | D:2      | Reached XP level 3. HP: 20/20 MP: 5/5
  1091 | D:2      | 1091 ||| Stepping ~*~*~tactically~*~*~ (outnumbered).
  1093 | D:2      | 1093 ||| Stepping ~*~*~tactically~*~*~ (outnumbered).
  1100 | D:2      | HP: 3/20 [gnoll/+0 halberd (12)]
  1101 | D:2      | 1101 ||| READING scroll of teleportation.
  1101 | D:2      | Mangled by a gnoll

Levels and vault maps discovered:
D:1:      sevenhm_arrival_forest_fort_large_2, layout_basic, serial_shops,
          nicolae_shop_hallway_stairs
D:2:      layout_rooms, minmay_octomino_e4, uniq_crazy_yiuf_cottage

Skill      XL: |  1  2 |
---------------+-------+-----
Ranged Weapons | 6 |  6.7
Fighting       | |  1.5
Dodging        | |  2.4
Stealth        | |  1.2

Action                     || total
---------------------------++-------
   Fire: Shortbow          ||    59
    Use: Scroll            ||     4
  Dodge: Dodged            ||     8

Table legend:
 A = Non-vault XP
 B = Vault XP
 C = Vault XP percentage of total XP
 D = Non-vault monster count
 E = Vault monster count
 F = Vault count percentage of total count
                 A         B        C        D         E       F
            +---------+---------+-------+---------+---------+-------
      Total |      49 |       0 |   0.0 |      32 |       0 |   0.0
            +---------+---------+-------+---------+---------+-------
        D:1 |      31 |       0 |   0.0 |      22 |       0 |   0.0
        D:2 |      18 |       0 |   0.0 |      10 |       0 |   0.0
            +---------+---------+-------+---------+---------+-------
